 Dungeon Crawl Stone Soup version 0.29.1-4-g47bece8355 (webtiles) character file.

Game seed: 13500573634802138042

1558 hawla the Zephyrmancer (level 9, -4/64 HPs)
             Began as a Meteoran Air Elementalist on Dec 1, 2022.
             Slain by a human
             ... wielding a +0 long sword
              (13 damage)
             ... on level 7 of the Dungeon.
             The game lasted 00:12:11 (2140 turns).

hawla the Zephyrmancer (Meteoran Air Elementalist)  Turns: 2140, Time: 00:12:11

Health: -4/64      AC:  4    Str: 10    XL:     9   Next: 34%
Magic:  21/21      EV: 13    Int: 21    God:
Gold:   224        SH:  0    Dex: 15    Spells: 15/22 levels left

rFire   . . .      SeeInvis .   l - +2 quarterstaff (vamp)
rCold   . . .      Faith    .   (shield currently unavailable)
rNeg    . . .      Spirit   .   a - +1 robe
rPois   .          Reflect  .   (no helmet)
rElec   .          Harm     .   m - +0 cloak
rCorr   .          Rampage  .   (no gloves)
Will    +....                   (no boots)
Stlth   +.........              (no amulet)
HPRegen 0.20/turn               (no ring)
MPRegen 0.17/turn               (no ring)

@: mighty, glowing
A: sense surroundings 2, otherworldly, glowing, explore regen
a: no special abilities


You were on level 7 of the Dungeon.
You visited 2 branches of the dungeon, and saw 8 of its levels.

You collected 224 gold pieces.

Inventory:

Hand Weapons
 l - a +2 vampiric quarterstaff (weapon)
Armour
 a - a +1 robe (worn)
 m - a +0 cloak (worn)
Magical Staves
 i - a staff of conjuration
Jewellery
 n - a ring of magical power
Scrolls
 j - 2 scrolls of teleportation
Potions
 b - a potion of flight
 d - a potion of mutation
 e - 4 potions of curing {unknown}
 f - 2 potions of might
 g - a potion of haste
 h - a potion of lignification {unknown}
 k - a potion of experience {unknown}


   Skills:
 + Level 1.3 Fighting
 + Level 1.1 Staves
 + Level 3.8 Dodging
 - Level 1.5 Stealth
 + Level 7.3 Spellcasting
 + Level 4.7 Conjurations
 + Level 9.7 Air Magic


You had 15 spell levels left.
You knew the following spells:

 Your Spells              Type           Power      Damage    Failure   Level
a - Shock                 Conj/Air       100%       1d9       1%          1
b - Static Discharge      Conj/Air       38%        3-8/arc   1%          2
c - Airstrike             Air            24%        2d(4-20)  1%          4

Your spell library contained the following spells:

 Spells                   Type           Power      Damage    Failure   Level
 Swiftness                Air            48%        N/A       1%          3
 Summon Guardian Golem    Hex/Summ       7%         N/A       26%         3
 Orb of Destruction       Conj           13%        9d7       100%        7
 Spellforged Servitor     Conj/Summ      8%         N/A       100%        7


Dungeon Overview and Level Annotations

Branches:
Dungeon (7/15) Zot: 2279   Temple (1/1) D:4 Zot: 380

Altars:
Ashenzari
Cheibriados
Dithmenos
Elyvilon
Gozag
Kikubaaqudgha
Makhleb
Okawaru
Ru
Sif Muna
Trog
Xom
Yredelemnul
Zin
The Shining One

Annotations:
D:7 1 transporter, cowcol's ghost, novice DrBe


Innate Abilities, Weirdness & Mutations

You passively map the area around you.
You are easily found by Zot.
You glow in the dark.
You regain HP and MP as you explore.


Message History

You are struck by an arc of lightning.
The human is struck by an arc of lightning!
The human is moderately wounded.
The lightning grounds out.
The human is struck by an arc of lightning.
The human is moderately wounded.
You are struck by an arc of lightning.
The human is struck by an arc of lightning.
The human is moderately wounded.
You are struck by an arc of lightning.
The human is struck by an arc of lightning!
The human is heavily wounded.
The lightning grounds out.
The human barely misses you. x2
Okay, then.
You are confused.
You feel invigorated.
The human hits you with a +0 long sword.
The human hits you with a +0 long sword!
* * * LOW HITPOINT WARNING * * *
You closely miss the human.
The human is moderately wounded.
The human hits you with a +0 long sword!
* * * LOW HITPOINT WARNING * * *
The human hits you with a +0 long sword.
* * * LOW HITPOINT WARNING * * *
You bump into the rock wall.
The human barely misses you. x2
The human attacks as you move away!
The human hits you with a +0 long sword!
* * * LOW HITPOINT WARNING * * *
The human attacks as you move away! The human completely misses you.
It was a potion of might.
You feel very mighty all of a sudden.
You feel less invigorated.
You feel less confused.
The human hits you with a +0 long sword.
* * * LOW HITPOINT WARNING * * *
You barely miss the human.
The human is heavily wounded.
The human hits you with a +0 long sword!
You die...

.#.# #....# #.# .###
#....#### #.# .#
#.......# #.## .#
#....##.#####..# .#
#....#.........#
.#####......######..#
.#..........#.., #..#
.#.####...#.#..###..#
.#.###....#.#_pp@..##
.#........#.#..###.#
.#........#.#.. #)#
..........#.######)#
####.#....#.......)#
. ......########)#
..#.#. , #.# ### # ,
#.# , #., #.#


You could see 2 humans.

Vanquished Creatures
  Prince Ribbit (D:6)
  A steam dragon (D:6)
  A water moccasin (D:7)
  A black bear (D:4)
  An ice beast (D:6)
  An ogre (D:4)
  2 phantoms
  A scorpion (D:6)
  2 centaur zombies (D:6)
  2 hounds
  A jelly (D:5)
  4 quasits (D:4)
  An orc priest (D:7)
  Crazy Yiuf (D:5)
  2 orc wizards
  4 killer bee zombies (D:6)
  5 adders
  3 shadow imps (D:4)
  6 white imps (D:4)
  7 ufetubi
  2 dart slugs
  12 orcs
  A ball python (D:3)
  An endoplasm (D:4)
  3 giant cockroaches (D:3)
  4 goblins
  A hobgoblin (D:1)
  2 jackals (D:4)
  6 kobolds
  4 quokkas
  2 bats (D:2)
  A rat (D:3)
86 creatures vanquished.

Vanquished Creatures (others)
  5 demonic plants (D:4)
5 creatures vanquished.

Grand Total: 91 creatures vanquished

Notes
Turn   | Place    | Note
-------+----------+-------------------------------------------
     0 | D:1      | hawla the Meteoran Air Elementalist began the quest for the
                  | Orb.
     0 | D:1      | Reached XP level 1. HP: 14/14 MP: 5/5
    59 | D:1      | Reached skill level 4 in Air Magic
    59 | D:1      | Reached XP level 2. HP: 4/20 MP: 1/6
    69 | D:2      | Learned a level 2 spell: Static Discharge
   125 | D:3      | Reached XP level 3. HP: 21/26 MP: 5/8
   128 | D:3      | Noticed a phantom
   145 | D:3      | Killed a phantom
   146 | D:3      | Reached skill level 5 in Air Magic
   146 | D:3      | Reached XP level 4. HP: 9/33 MP: 7/10
   146 | D:3      | Reached XP level 5. HP: 10/38 MP: 7/11
   146 | D:3      | Upgraded the game from 0.29.1-2-gbd0b4ee654 to
                  | 0.29.1-4-g47bece8355
   202 | D:3      | Learned a level 4 spell: Airstrike
   331 | D:4      | Noticed an ogre
   339 | D:4      | Reached skill level 6 in Air Magic
   340 | D:4      | Killed an ogre
   341 | D:4      | Reached XP level 6. HP: 40/45 MP: 1/12
   378 | D:4      | Reached skill level 7 in Air Magic
   409 | D:4      | Reached XP level 7. HP: 26/50 MP: 7/13
   476 | D:4      | Found a staircase to the Ecumenical Temple.
   480 | Temple   | Entered the Ecumenical Temple
   921 | D:4      | Reached skill level 8 in Air Magic
  1118 | D:5      | Entered Level 5 of the Dungeon
  1154 | D:5      | Reached XP level 8. HP: 54/57 MP: 13/16
  1212 | D:5      | Reached skill level 5 in Spellcasting
  1280 | D:5      | Found a runed translucent door.
  1281 | D:5      | Noticed Crazy Yiuf
  1313 | D:5      | Killed Crazy Yiuf
  1487 | D:6      | Noticed Prince Ribbit
  1491 | D:6      | Killed Prince Ribbit
  1609 | D:6      | Reached skill level 1 in Staves
  1644 | D:6      | Reached skill level 9 in Air Magic
  1681 | D:6      | Reached skill level 1 in Fighting
  1686 | D:6      | Noticed a steam dragon
  1688 | D:6      | Killed a steam dragon
  1689 | D:6      | Gained mutation: You passively map the area around you.
                  | [Meteoran growth]
  1689 | D:6      | Reached XP level 9. HP: 64/64 MP: 10/19
  1847 | D:6      | Found a basalt altar of Yredelemnul.
  2082 | D:7      | Found a transporter.
  2085 | D:7      | Noticed cowcol's ghost (novice DrBe)
  2086 | D:7      | Identified the +4 great mace "Kasad" {protect, Contam rN+
                  | rCorr}
  2086 | D:7      | Identified the +7 dire flail of Ischez {flame, +Blink Str-3
                  | Int+6 Dex+2}
  2086 | D:7      | Noticed a two-headed ogre
  2116 | D:7      | Found an iron altar of Okawaru.
  2138 | D:7      | HP: 3/64 [human/+0 long sword (7)]
  2140 | D:7      | Slain by a human

Illustrated notes

Levels and vault maps discovered:
D:1:      shiori_arrival_oz, layout_basic
D:2:      layout_loops_ring, ebering_ecumenical_altar_sacrificial,
          grunt_ministairs_4
D:3:      layout_rooms, nicolae_kite_square_tiling_tiny,
          minmay_misc_feat_rugged, grunt_decor_junction, st_stairs_2
D:4:      layout_loops_cross, pdpol_wu_jian_five_deadly_venoms,
          minmay_temple_entry_grid, serial_demonic, serial_demonic_f,
          serial_demonic_e, serial_demonic_d, serial_demonic_a,
          serial_demonic_g, serial_demonic_b, serial_demonic_d,
          serial_demonic_d, portal_sewer_entry_e, corexii_shack,
          minmay_stone_trees_small
D:5:      layout_cave_pools, minmay_misc_feat_secret_circle,
          kennysheep_cross_room, nicolae_concentric_dashed_squares_wild,
          uniq_crazy_yiuf_cottage
D:6:      layout_basic, nicolae_yredelemnul_corpse_copse, dk_rats_in_the_wall,
          uniq_prince_ribbit1
D:7:      layout_basic, marbit_many_paths, kennysheep_little_box,
          okawaru_humans, gammafunk_ghost_smash, minmay_increasing_density
Temple:   nicolae_temple_figure_eight

Skill      XL: |  1  2  3  4  5  6  7  8  9 |
---------------+----------------------------+-----
Air Magic      | 4 5 6 7 8 9 |  9.7
Spellcasting   | 3 4 6 7 |  7.3
Dodging        | 3 |  3.8
Conjurations   | 2 3 4 |  4.7
Staves         | 1 |  1.1
Fighting       | 1 |  1.3
Stealth        | |  1.5

Action                   |  1- 3 |  4- 6 |  7- 9 || total
-------------------------+-------+-------+-------++-------
Melee: Unarmed           |     8 |     5 |       ||    13
       Punch             |       |     1 |       ||     1
       Staff             |       |       |     7 ||     7
       Quarterstaff      |       |       |     3 ||     3
 Cast: Shock             |    18 |    20 |    17 ||    55
       Static Discharge  |     5 |    11 |    40 ||    56
       Airstrike         |       |     2 |    13 ||    15
  Use: Scroll            |     1 |     2 |     7 ||    10
       Potion            |     1 |     1 |     2 ||     4
Armor: Robe              |     2 |     5 |     6 ||    13
Dodge: Dodged            |    12 |    21 |    29 ||    62
